Unix NetHack Version 5.0.0-0 post-release - last build May 23 2026 06:08:33 (1c0ff79ee797540d5714e4e18072db0edd9e58ae,branch:main).

Game began 2026-05-27 16:05:25, ended 2026-05-27 16:19:45.

DaveT, lawful male human Priest

                                                          ----------------
                                                          |q<.).)........|
                                                          .@......`......|
                                                          ------------ ---

DaveT the Acolyte            St:11 Dx:12 Co:17 In:10 Wi:18 Ch:8  Lawful
Dlvl:6  $:1807 HP:0(43) Pw:64(64) AC:2  Xp:5 T:2015  Burdened

Latest messages:
 W - 2 cursed potions of healing.
 K - a potion of speed.
 You fall down the stairs.
 You see here an aluminum wand.
 You have a little trouble lifting s - an aluminum wand.
 What do you want to write with? [- ahjmnpszB or ?*] -
 You write in the dust with your fingertip.
 What do you want to write in the dust here? foo
 What do you want to write with? [- ahjmnpszB or ?*] s
 A lit field surrounds you!
 Do you want to add to the current engraving? [ynq] (y) q
 Never mind.
 You climb up the stairs.
 You fall down the stairs.
 What do you want to throw? [$zB or ?*] ?
 In what direction? l
 The dart misses the monkey.
 What do you want to throw? [$zB or ?*] B
 In what direction? l
 The dart misses the monkey.
 You kill the monkey!
 The rothe misses!
 The rothe bites!
 The rothe bites again!
 The rothe hits!
 The rothe misses!
 The rothe bites!
 You miss the rothe.
 You hit the rothe.
 The rothe hits!
 The rothe bites!
 The rothe bites again!
 You miss the rothe.
 The rothe hits!
 The rothe misses!
 The rothe just misses!
 You miss the rothe.
 The rothe just misses!
 The rothe bites!
 The rothe bites again!
 You miss the rothe.
 The rothe hits!
 The rothe misses!
 The rothe bites!
 The rothe misses!
 The rothe misses!
 The rothe bites!
 You die...
 Do you want your possessions identified? [ynq] (y) y
 Do you want to see your attributes? [ynq] (y) q

Inventory:
 Coins    ('$')
  $ - 1807 gold pieces
 Weapons  (')')
  B - 5 blessed +0 darts
  z - 18 +0 darts
  a - a blessed corroded +1 mace (weapon in left hand)
 Armor    ('[')
  O - a +0 elven leather helm
  S - a +0 orcish helm (being worn)
  c - a blessed +0 small shield (being worn)
  b - a blessed +1 robe (being worn)
  o - a rustproof +0 ring mail (being worn)
 Comestibles  ('%')
  e - 3 cloves of garlic
  Q - 5 food rations
  f - 2 sprigs of wolfsbane
  P - a tin of soup made from garter snake meat
  N - a tin of spinach
 Scrolls  ('?')
  T - a cursed scroll of teleportation
 Potions  ('!')
  U - a cursed potion of booze
  V - a potion of gain energy
  k - a potion of healing
  W - 2 cursed potions of healing
  l - 2 cursed potions of restore ability
  K - a potion of speed
  X - a potion of unholy water
 Rings    ('=')
  h - a ring of invisibility
  p - a cursed ring of levitation
  m - a ring of poison resistance
  n - a cursed ring of shock resistance
 Wands    ('/')
  j - a wand of digging (0:7)
  s - a wand of light (0:14)
 Tools    ('(')
  q - an empty cursed sack
  Y - an empty cursed sack
  r - a can of grease (0:23)
  i - an oil lamp
  Z - a cursed +0 pick-axe

DaveT the Priest's attributes:

Background:
 You were an Acolyte, a level 5 human Priest.
 You were lawful, on a mission for Lugh
 who was opposed by Brigit (neutral) and Manannan Mac Lir (chaotic).
 You were left-handed.
 You were in the Dungeons of Doom, on level 6.
 You entered the dungeon 2015 turns ago.
 You had 181 experience points, 139 more were needed to attain level 6.

Basics:
 You had 0 out of 43 hit points.
 You had all 64 energy points (spell power).
 Your armor class was 2.
 Your wallet contained 1807 zorkmids.
 Autopickup was off.

Final Characteristics:
 Your strength was 11 (limit:18/100).
 Your dexterity was 12 (limit:18).
 Your constitution was 17 (limit:18).
 Your intelligence was 10 (limit:18).
 Your wisdom was 18 (limit:18).
 Your charisma was 8 (limit:18).

Final Status:
 You weren't hungry.
 You were burdened; movement was slightly slowed.
 You were wielding a mace.
 You had basic skill with mace.

Final Attributes:
 You were devoutly aligned.
 You were guarded.
 Your spell casting was impaired by metallic armor, mitigated by your robe.
 You are dead.

Miscellaneous:
 You encountered 1 bones level.
 Total elapsed playing time was 14 minutes and 19 seconds.

Major events:
 Turn
    1: DaveT the lawful human Priest entered the dungeon
 1051: attained the rank of Acolyte (level 3)
 1313: entered the Gnomish Mines
 2015: killed by a rothe

Spells:
 Name                 Level Category     Fail Retention
 detect monsters        1   divination    67%  76%-100%
 cure sickness          3   healing      100%    (gone)

Skills:
 Fighting Skills
   bare handed combat [Unskilled]
 Weapon Skills
   club               [Unskilled]
   mace               [Basic]
   morning star       [Unskilled]
   flail              [Unskilled]
   hammer             [Unskilled]
   quarterstaff       [Unskilled]
   polearms           [Unskilled]
   spear              [Unskilled]
   trident            [Unskilled]
   lance              [Unskilled]
   bow                [Unskilled]
   sling              [Unskilled]
   crossbow           [Unskilled]
   dart               [Unskilled]
   shuriken           [Unskilled]
   boomerang          [Unskilled]
   unicorn horn       [Unskilled]
 Spellcasting Skills
   healing spells     [Unskilled]
   divination spells  [Unskilled]
   clerical spells    [Basic]

Voluntary challenges:
 Character rerolling was not enabled.
 You never genocided any monsters.
 You never polymorphed an object.
 You never changed form.
 You used no wishes.
Achievements:
 You entered a shop.
 You attained the rank of Acolyte.
 You entered the Gnomish Mines.

 The Dungeons of Doom: levels 1 to 6
    Level 1:
       A grave.
    Level 2:
       A scroll shop, an altar to Lugh, a fountain.
    Level 3:
       A general store, a fountain.
       Stairs down to The Gnomish Mines.
    Level 4: "vault door in E"
       A general store, some fountains, a grave.
       Final resting place for
          Nestorix-Arc-Hum-Fem-Law, killed by a giant bat,
          Nestorix-Arc-Hum-Fem-Law, killed by a giant bat.
    Level 5:
    Level 6: <- You were here.
       Final resting place for
          you, killed by a rothe.
 The Gnomish Mines:
    Level 4:


Vanquished creatures:
  a ghost
  a large mimic
  a little dog
  a giant bat
  a monkey
  2 iguanas
  3 acid blobs
  2 coyotes
  a large kobold
  a yellow mold
  a green mold
  a gnome
  a gnome zombie
  2 jackals
  a fox
  3 grid bugs
  5 lichens
  a kobold zombie
  3 newts
32 creatures vanquished.

No species were genocided or became extinct.

Game over:
                       ----------
                      /          \
                     /    REST    \
                    /      IN      \
                   /     PEACE      \
                  /                  \
                  |      DaveT       |
                  |     1807 Au      |
                  |   killed by a    |
                  |      rothe       |
                  |                  |
                  |                  |
                  |       2026       |
                 *|     *  *  *      | *
        _________)/\\_//(\/(/\)/\//\/|_)_______

Goodbye DaveT the Priest...

You died in The Dungeons of Doom on dungeon level 6 with 2703 points,
and 1807 pieces of gold, after 2015 moves.
You were level 5 with a maximum of 43 hit points when you died.

